Map: Newkirk Precinct TE (Void)

Players

TYTY (TY) - Winner!

  • Race: Terran Terran
  • Spawn Location: 7:00

GuMiho

  • Race: Terran Terran
  • Spawn Location: 5:00

Event: IEM XI Katowice - World Championship 2017

VOD

Have the link to the VOD?

Description

Time

  • Played on: March 4, 2017, 11:42 a.m.
  • Length: 16:30

All games in this series

Show
View Real Time Build Order
Export as new Build Order

TYTY Terran - Winner!

Build Orders: Reaper Expand, Bio Tank 

Get SALT Encoding   

  12  0:00  SCV  
  13  0:12  SCV  
  14  0:17  Supply Depot  
  14  0:24  SCV  
  15  0:29  Refinery  
  15  0:39  SCV  
  16  0:45  Barracks  
  16  0:51  SCV  
  17  1:03  SCV  
  18  1:15  SCV  
  19  1:31  Orbital Command  
  19  1:32  Reaper  
  20  1:48  Command Center  
  20  1:54  Factory  
  20  1:58  SCV  
  21  2:05  Refinery  
  21  2:07  Barracks Reactor  
  21  2:10  SCV  
  22  2:16  Supply Depot  
  22  2:22  SCV  
  23  2:38  SCV, Hellion  
  23  2:41  Starport  
  26  2:45  Marine x2  
  26  2:50  SCV  
  29  3:02  Marine  
  29  3:03  Marine  
  29  3:04  Orbital Command  
  32  3:05  SCV  
  32  3:11  Widow Mine  
  33  3:17  SCV  
  33  3:18  Medivac  
  36  3:21  Marine  
  36  3:23  Marine  
  38  3:29  SCV x2  
  40  3:37  Supply Depot  
  40  3:41  SCV  
  40  3:42  Cyclone  
  40  3:46  SCV  
  45  3:51  Marine  
  46  3:56  Supply Depot  
  46  3:59  Marine, SCV, Medivac  
  46  4:01  SCV  
  51  4:03  Supply Depot  
  50  4:11  SCV  
  50  4:13  Marine  
  50  4:17  Marine  
  49  4:19  SCV  
  49  4:23  SCV, Cyclone  
  53  4:30  Starport Tech Lab  
  53  4:31  Marine, SCV  
  53  4:37  Marine  
  54  4:39  SCV  
  55  4:48  Marine  
  55  4:52  SCV  
  56  4:55  Marine  
  56  4:59  SCV  
  58  5:04  Supply Depot, Siege Tank  
  58  5:05  Starport Tech Lab  
  58  5:06  Marine  
  61  5:09  Barracks  
  61  5:12  SCV x2, Barracks  
  61  5:13  Marine  
  64  5:16  Engineering Bay  
  64  5:24  Marine, SCV x2  
  64  5:27  Supply Depot  
  67  5:30  Marine  
  67  5:32  Starport Reactor  
  68  5:37  Siege Tank  
  68  5:38  SCV  
  68  5:39  Refinery  
  68  5:42  SCV  
  73  5:47  Terran Infantry Weapons Level 1  
  73  5:50  SCV  
  73  5:51  Marine x2  
  73  5:56  Supply Depot  
  76  5:57  Barracks Tech Lab  
  76  5:58  Barracks x2  
  76  6:01  Refinery  
  75  6:07  Stimpack  
  75  6:09  Marine x2, Siege Tank  
  82  6:16  Marine x2  
  82  6:23  Viking  
  86  6:26  Viking  
  86  6:27  Marine x2  
  88  6:33  Marine  
  88  6:34  Marine, Supply Depot x2  
  88  6:38  SCV x2  
  92  6:44  Marine  
  92  6:45  Marine  
  94  6:51  SCV  
  94  6:55  Siege Tank  
  94  7:01  Barracks Reactor x2  
  96  7:03  Marine x3  
  96  7:04  Marine, Combat Shields  
  96  7:06  Supply Depot  
  100  7:14  Medivac  
  102  7:18  Supply Depot  
  102  7:20  Medivac  
  102  7:21  Marine x4  
  108  7:30  Siege Tank  
  111  7:39  Marine x7  
  111  7:40  Marine  
  119  7:53  Terran Infantry Armor Level 1  
  119  7:54  Medivac  
  119  7:55  Supply Depot  
  119  7:57  Marine x5  
  126  8:08  Marine  
  122  8:13  Medivac  
  124  8:24  Siege Tank  
  131  8:29  SCV x2  
  132  8:35  Medivac  
  132  8:42  Armory  
  132  8:43  Engineering Bay, Medivac  
  132  8:44  Command Center  
  132  8:46  Supply Depot  
  132  8:47  Supply Depot  
  132  8:55  Marine x2  
  134  9:07  Marine x6, Medivac  
  134  9:08  Siege Tank  
  142  9:13  Marine x2  
  143  9:17  Medivac  
  143  9:22  SCV  
  143  9:23  SCV  
  145  9:27  Marine x5  
  150  9:40  Marine x3  
  150  9:45  Marine x2, Siege Tank  
  148  9:47  Marine  
  150  9:52  Supply Depot  
  150  9:55  Marine  
  145  10:05  Marine  
  145  10:06  Marine x6, Medivac  
  125  10:07  Medivac  
  126  10:14  Marine  
  127  10:23  Marine x3  
  127  10:27  Marine x2  
  128  10:32  Marine  
  115  10:43  Marine x3  
  115  10:48  Orbital Command  
  115  10:51  Marine x2  
  115  10:52  Siege Tank  
  118  11:01  Marine x3  
  114  11:06  Medivac  
  114  11:09  Marine x2  
  117  11:19  Marine x3  
  116  11:27  Marine x2  
  112  11:36  Marine  
  112  11:37  Marine x2  
  114  11:44  Marine  
  114  11:45  Marine  
  100  11:54  Marine x2  
  100  12:00  Marine  
  86  12:02  Marine  
  86  12:03  Marine  
  85  12:09  Orbital Command  
  85  12:12  Marine x2  
  66  12:42  Barracks x2  
  68  12:45  Barracks  
  66  12:53  SCV x2  
  53  13:12  SCV  
  53  13:15  Barracks  
  52  13:24  SCV  
  52  13:33  Marine x2  
  39  13:50  SCV  
  39  13:51  Marine x2  
  34  14:13  Orbital Command  
  33  14:22  Marine  
  31  14:40  Marine  
  32  14:54  Barracks  
  32  14:58  Marine  
  32  15:16  Marine  
  33  15:34  Marine  
  34  15:45  Marine  
  35  15:52  Marine  
  36  16:00  Orbital Command  
  36  16:03  Marine  
Show
View Real Time Build Order
Export as new Build Order

GuMiho Terran 

Build Orders: Reaper Expand, MMM Bio 

Get SALT Encoding   

  12  0:00  SCV  
  13  0:13  SCV  
  14  0:18  Supply Depot  
  14  0:25  SCV  
  15  0:30  Refinery  
  15  0:40  SCV  
  16  0:45  Barracks  
  16  0:52  SCV  
  18  1:04  SCV  
  18  1:16  SCV  
  19  1:31  Orbital Command  
  19  1:32  Reaper  
  20  1:44  Command Center  
  20  1:54  Factory  
  20  1:58  SCV  
  21  2:05  Refinery  
  21  2:06  Reaper  
  22  2:13  Supply Depot  
  22  2:15  SCV  
  23  2:35  SCV  
  24  2:38  Hellion  
  24  2:40  Barracks Reactor  
  26  2:47  SCV  
  26  2:50  Starport  
  27  2:56  Orbital Command  
  27  2:59  SCV  
  28  3:05  Cyclone  
  28  3:11  SCV  
  32  3:18  Marine x2  
  34  3:23  SCV x2  
  34  3:26  Supply Depot, Medivac  
  38  3:31  Refinery  
  38  3:36  Marine x2  
  38  3:37  SCV  
  38  3:39  SCV  
  42  3:45  Cyclone  
  45  3:49  SCV  
  45  3:51  SCV  
  45  3:52  Supply Depot  
  45  3:54  Marine  
  48  3:56  Marine  
  48  4:00  Medivac  
  51  4:03  SCV  
  51  4:06  SCV  
  53  4:13  Marine  
  53  4:14  Marine  
  53  4:15  SCV  
  55  4:18  SCV  
  55  4:20  Factory Tech Lab  
  50  4:27  SCV  
  50  4:30  SCV  
  50  4:31  Marine  
  49  4:39  SCV  
  49  4:41  Siege Tank  
  49  4:42  SCV  
  49  4:43  Marine  
  55  4:54  SCV x2  
  55  4:56  Marine  
  58  5:00  Marine  
  59  5:07  Medivac  
  59  5:11  SCV  
  62  5:15  Supply Depot  
  62  5:16  SCV  
  63  5:22  Siege Tank  
  63  5:26  SCV  
  63  5:27  Marine x2  
  63  5:28  SCV  
  70  5:37  Supply Depot  
  70  5:38  Supply Depot, SCV  
  70  5:40  SCV  
  70  5:42  Starport Reactor  
  72  5:46  Marine x2  
  74  5:50  SCV, Barracks  
  74  5:52  SCV  
  74  5:53  Supply Depot  
  76  5:58  Barracks  
  76  6:04  Siege Tank  
  76  6:05  SCV  
  76  6:07  SCV  
  81  6:14  Marine x2  
  81  6:17  SCV  
  84  6:19  SCV, Engineering Bay  
  84  6:20  Refinery  
  84  6:24  Viking  
  87  6:28  Viking  
  87  6:31  Marine  
  87  6:32  Marine  
  91  6:35  SCV x2  
  91  6:38  Barracks Tech Lab  
  93  6:41  Siege Tank  
  96  6:56  Marine x2  
  96  6:57  Marine  
  96  6:58  Stimpack, Barracks Tech Lab  
  96  7:00  Barracks  
  96  7:02  SCV x2  
  96  7:03  Barracks  
  96  7:04  Terran Infantry Weapons Level 1  
  98  7:13  Marine  
  98  7:14  Marine  
  98  7:15  Marine  
  101  7:24  Viking x2  
  101  7:25  Supply Depot  
  101  7:26  Supply Depot  
  101  7:29  Marine  
  106  7:31  Marine x2, Combat Shields  
  108  7:38  Marine  
  109  7:46  Siege Tank  
  109  7:47  Marine, Barracks Reactor  
  109  7:49  Marine  
  109  7:51  Barracks Reactor  
  114  8:02  Medivac x2  
  118  8:06  Marine  
  118  8:07  Marine  
  118  8:11  Marine x2  
  119  8:17  Supply Depot  
  119  8:18  Siege Tank  
  122  8:20  Supply Depot x2  
  122  8:21  Supply Depot  
  122  8:23  Marine  
  122  8:24  Marine x3  
  126  8:33  Marine  
  126  8:35  Sensor Tower  
  126  8:41  Marine  
  126  8:42  Marine x5  
  126  8:43  Marine  
  126  8:46  Liberator  
  126  8:48  Liberator  
  133  8:51  Marine  
  128  8:59  Terran Infantry Armor Level 1, Marine x3  
  134  9:02  Siege Tank  
  134  9:04  Marine  
  134  9:06  Marine  
  134  9:09  Marine  
  142  9:11  Marine x2  
  144  9:17  Marine x3  
  144  9:21  Marine  
  144  9:24  Marine  
  148  9:27  Marine  
  148  9:29  Marine x2  
  151  9:35  Marine x3  
  154  9:39  Marine  
  154  9:42  Marine  
  154  9:44  Marine  
  149  9:47  Marine x2  
  149  9:50  Liberator  
  151  9:52  Liberator  
  151  9:53  Marine x3  
  151  9:57  Marine  
  151  9:59  Marine  
  144  10:02  Marine  
  144  10:04  Marine  
  144  10:05  Marine  
  120  10:12  Marine x2  
  120  10:14  Marine  
  129  10:16  Marine  
  129  10:18  Marine  
  130  10:21  Marine  
  130  10:27  Marine  
  99  10:40  Marine x2  
  100  10:44  Marine  
  100  10:45  Marine  
  100  10:46  Marine x2  
  101  10:50  Marine  
  101  10:54  Marine  
  94  11:25  Marine  
  94  11:27  Marine  
  94  11:29  Marine  
  94  11:30  Marine  
  90  11:52  Marine  
  80  12:29  Orbital Command  

Tags
 
Add a new tag
Caveats
  • Supply blocks, unpowered buildings, or Contaminate may cause inaccurate times.
  • Supply counts are checked every 10 seconds.